AoeStats
← Tèdelavanda

Hideout

510155847Analyzed
1v1 RM · 3d ago on Sep 29, 2026· 36m 10s· 2 players
Game mode
Random Map
Map size
Tiny (2 player)
Population
200
Speed
Normal
Resources
Standard
Victory
Conquest
Starting age
Dark Age
Ending age
Imperial Age
RankedLock teamsTeams togetherTeam positionsShared explorationLock speedFull tech treeHidden civsTurbo modeCheats
Victory
Defeat
🇨🇳 Persians · China
1282
+16
🇨🇱 Wu · Chile
1286
-16
males
9:35 Feudal Age
10:41 Double-Bit Axe
14:58 Castle Age
13:17 Gold Mining
17:07 Horse Collar
23:38 Heavy Plow
24:48 Wheelbarrow
23:59 Loom
24:09 Town Watch
25:26 Fletching
27:22 Hand Cart
27:26 Bodkin Arrow
30:28 Imperial Age
29:09 Padded Archer Armor
29:08 Stone Mining
29:56 Gold Shaft Mining
29:22 Elite Skirmisher
30:58 Leather Archer Armor
31:46 Chemistry
32:28 Conscription
34:27 Forging
34:55 Crop Rotation
34:37 Bow Saw
34:13 Cavalier
34:53 Husbandry
35:04 Bloodlines
35:00 Scale Barding Armor
36:10 Iron Casting
Tèdelavanda
5:07 Loom
9:27 Feudal Age
16:20 Castle Age
14:16 Double-Bit Axe
15:30 Fletching
15:27 Horse Collar
15:43 Stone Mining
16:16 Gold Mining
16:12 Horse Collar
17:03 Fletching
17:14 Padded Archer Armor
19:16 Stone Shaft Mining
19:12 Bow Saw
19:26 Gold Mining
21:24 Red Cliffs Tactics
24:17 Pikeman
26:30 Bodkin Arrow
28:07 Bow Saw
30:07 Gold Shaft Mining
30:01 Heavy Plow
33:06 Leather Archer Armor
33:41 Scale Barding Armor
33:18 Light Cavalry
33:59 Husbandry
Connection lost

Rejoining the realm…

Still unreachable

The connection could not be restored.

Session expired

The server has moved on; the page needs a fresh start.